 Dungeon Crawl Stone Soup version 0.28.0-53-g5a82cb258f (webtiles) character file.

Game seed: 14965561130525804266

23 safid the Skirmisher (level 2, -3/27 HPs)
             Began as a Hill Orc Fighter on Aug 11, 2022.
             Slain by Sigmund
             ... wielding a +0 vampiric scythe
              (10 damage)
             ... on level 2 of the Dungeon.
             The game lasted 00:01:11 (1403 turns).

safid the Skirmisher (Hill Orc Fighter)             Turns: 1403, Time: 00:01:12

Health: -3/27      AC:  6    Str: 24    XL:     2   Next: 95%
Magic:  2/2        EV:  9    Int:  8    God:
Gold:   83         SH:  4    Dex: 10    Spells: 1/1 levels left

rFire   . . .      SeeInvis .   a - +0 war axe
rCold   . . .      Faith    .   c - +0 buckler
rNeg    . . .      Spirit   .   b - +0 scale mail
rPois   .          Reflect  .   (no helmet)
rElec   .          Harm     .   (no cloak)
rCorr   .          Rampage  .   (no gloves)
Will    .....                   (no boots)
Stlth   ..........              (no amulet)
HPRegen 0.09/turn               j - +6 ring of strength
MPRegen 0.08/turn               (no ring)

@: mighty
A: no striking features
a: no special abilities


You were on level 2 of the Dungeon.
You visited 1 branch of the dungeon, and saw 2 of its levels.

You collected 83 gold pieces.

Inventory:

Hand Weapons
 a - a +0 war axe (weapon)
Missiles
 e - 8 poisoned darts (quivered)
 h - 6 silver javelins
Armour
 b - a +0 scale mail (worn)
 c - a +0 buckler (worn)
Jewellery
 j - a +6 ring of strength (left hand)
Scrolls
 f - a scroll of vulnerability {unknown}
 g - 3 scrolls of noise {unknown}
 k - a scroll of identify {unknown}
 l - 2 scrolls of teleportation {unknown}
 m - a scroll of magic mapping {unknown}
Potions
 i - a potion of flight {unknown}


   Skills:
 - Level 4.0 Fighting
 + Level 3.2 Axes
 + Level 3.6 Armour
 + Level 3.6 Shields


You had one spell level left.
You didn't know any spells.
Your spell library was empty.

Dungeon Overview and Level Annotations

Branches:
Dungeon (2/15)

Altars:
Gozag

Annotations:
D:2 Sigmund


Message History

You slash the hobgoblin!
You kill the hobgoblin!
No target in view!
No target in view!
No target in view!
No target in view!
No target in view!
No target in view!
Found a stone staircase leading down.
Found a stone staircase leading up.
m - a scroll labelled OTIC QAVVUC As you open the door, it creaks loudly!
You hear a shout!
Found a hand axe.
Found an opulent altar of Gozag.
There is an open door here.
Sigmund the Dreaded comes into view.
He is wielding a +0 vampiric scythe.
Sigmund drinks a potion.
Sigmund seems to grow stronger.
You feel very mighty all of a sudden. You block Sigmund's attack.
You block Sigmund's attack.
You slash Sigmund!
Sigmund is heavily wounded.
You block Sigmund's attack.
You closely miss Sigmund.
Sigmund is heavily wounded.
You barely miss Sigmund.
Sigmund is heavily wounded.
Sigmund hits you but does no damage.
You slash Sigmund!
Sigmund is almost dead.
Sigmund points at you and mumbles some strange words.
You resist with significant effort.
Sigmund mumbles some strange words.
Sigmund flickers and vanishes!
Deactivating autopickup; reactivate with Ctrl-A.
You miss something. Something hits you!
You miss something. Something hits you.
You closely miss something. Something hits you.
* * * LOW HITPOINT WARNING * * *
You slash something! Something hits you!
You die...

. . . ##+# # ##...######
# ## ##...$.....# ##.##
##..........# .
#...####......._...##...
..<....+........).......
#...####........@{#
.#.## #.......### .#.#
##.....## .#.# ##...##
.#.# ##'## ...# #.# .###
#####.#### .#
####........#
.####.##.#......#


There were no monsters in sight!

Vanquished Creatures
  A worm (D:2)
  A dart slug (D:1)
  2 ball pythons (D:1)
  A bat (D:2)
  3 giant cockroaches (D:1)
  A goblin (D:1)
  2 hobgoblins (D:2)
  A frilled lizard (D:1)
  2 kobolds
  3 rats (D:1)
17 creatures vanquished.

Notes
Turn   | Place    | Note
-------+----------+-------------------------------------------
     0 | D:1      | safid the Hill Orc Fighter began the quest for the Orb.
     0 | D:1      | Reached XP level 1. HP: 19/19 MP: 1/1
   216 | D:1      | Reached XP level 2. HP: 27/27 MP: 2/2
  1051 | D:2      | Reached skill level 4 in Fighting
  1388 | D:2      | Found an opulent altar of Gozag.
  1390 | D:2      | Noticed Sigmund
  1403 | D:2      | Slain by Sigmund

Illustrated notes

Levels and vault maps discovered:
D:1:      dpeg_arrival_shelter, layout_basic
D:2:      layout_loops_corners, basic_altar, minmay_misc_feat_chi, uniq_terence,
          uniq_sigmund

Skill      XL: |  1  2 |
---------------+-------+-----
Axes           | 3 |  3.2
Fighting       | 4 |  4.0
Armour         | |  3.6
Shields        | |  3.6

Action                   || total
-------------------------++-------
Melee: War axe           ||    47
  Use: Potion            ||     1
Armor: Scale mail        ||    12
Dodge: Dodged            ||    12
Block: Buckler           ||    10
